 Dungeon Sprint DCSS version 0.17-a0-1760-ga6756ae (webtiles) character file.

134 KambridgeKobold the Thaumaturge (level 4, -1/24 HPs)
             Began as a Deep Elf Summoner on Sept 3, 2015.
             Splashed by a jelly's acid (6 damage)
             ... in the Dungeon (Sprint I: "Red Sonja").
             The game lasted 00:04:51 (371 turns).

KambridgeKobold the Thaumaturge (Deep Elf Summoner)  Turns: 371, Time: 00:04:51

Health: -1/24      AC: -1    Str:  6    XL:     4   Next: 95%
Magic:  16/16      EV: 16    Int: 20    God:
Gold:   162        SH:  0    Dex: 15    Spells: 6 memorised, 2 levels left

rFire  . . .     SeeInvis .     l - +2 scythe (protect)
rCold  . . .     Clarity  .     a - +0 robe
rNeg   . . .     SustAt   .     (no shield)
rPois  .         Gourm    .     (no helmet)
rElec  .         Spirit   .     (no cloak)
rCorr  .         Warding  .     (no gloves)
rMut   .         NoTele   +     (no boots)
MR     .....                    (no amulet)
Stlth  ++........               (no ring)
                                (no ring)

@: corroded equipment, not resistant to hostile enchantments, unstealthy
A: no striking features
a: no special abilities


You were in the Dungeon.
You were not hungry.

You visited 1 branch You collected 162 gold pieces.

Inventory:

Hand weapons
 j - a +0 club
 k - a +0 giant spiked club
 l - a +2 scythe of protection (weapon)
Armour
 a - a +0 robe (worn)
 m - a +0 robe
Scrolls
 i - a scroll of blinking
Potions
 d - a potion of curing
 e - a potion of heal wounds
 f - a potion of haste
 g - 2 potions of magic
 h - a potion of berserk rage
Books
 b - a book of Callings

   Spells                             Type                      Level
   a - Summon Small Mammal            Summoning                    1
   b - Call Imp                       Summoning                    2
   c - Call Canine Familiar           Summoning                    3
   d - Summon Guardian Golem          Hexes/Summoning              3
   e - Summon Lightning Spire         Summoning/Air                4
   f - Summon Ice Beast               Ice/Summoning                4
Comestibles
 c - a bread ration
 n - 3 chunks of flesh


   Skills:
 + Level 6.3 Dodging
 - Level 2.4 Stealth
 + Level 8.4 Spellcasting
 + Level 7.9 Summonings


You had 2 spell levels left.
You knew the following spells:

 Your Spells              Type           Power        Failure   Level  Hunger
a - Summon Small Mammal   Summ           ####         1%          1    None
b - Call Imp              Summ           #####...     1%          2    None
c - Call Canine Familiar  Summ           #####...     1%          3    None
d - Summon Guardian Gole  Hex/Summ       ###.....     6%          3    None
e - Summon Ice Beast      Ice/Summ       ###.....     17%         4    ###....
f - Summon Lightning Spi  Summ/Air       ###.....     17%         4    ###....


Dungeon Overview and Level Annotations

Branches:
Dungeon (1/1)

Altars:
Sif Muna
Vehumet


Message History

You slash the jelly! The acid corrodes you!
Your hands burn!
The jelly is heavily wounded.
The jelly barely misses you. The jelly hits you but does no damage.
You hit the jelly but do no damage.
Your hands burn!
The jelly is heavily wounded.
The jelly hits you but does no damage. The jelly completely misses you.
You hit the jelly but do no damage. The acid corrodes you!
Your hands burn!
The jelly is heavily wounded.
The jelly barely misses you. The jelly misses you.
You hit the jelly but do no damage.
Your hands burn!
The jelly is heavily wounded.
The jelly barely misses you. The jelly hits you.
You are splashed with acid!
The acid burns!
* * * LOW HITPOINT WARNING * * *
You barely miss the jelly.
The jelly is heavily wounded.
The jelly hits you.
* * * LOW HITPOINT WARNING * * *
You are splashed with acid!
The acid burns!
You die...

################
#<.#..'..#..'..#
#..§..#..'÷.#..+
#..#####'#####'#
#..# #..# #[#
#..# #### ##)#
#..# #+#..+ #⌠⌠#
+.@._# ####
#_J#+# ##+#


You could see a jelly.

Vanquished Creatures (collateral kills)
  Sigmund (D)
  An ogre (D)
  Ijyb (D)
3 creatures vanquished.

Notes
Turn   | Place    | Note
--------------------------------------------------------------
     0 | D        | KambridgeKobold the Deep Elf Summoner began the quest for the Orb.
     0 | D        | Reached XP level 1. HP: 10/10 MP: 6/6
     1 | D        | Noticed Ijyb
    24 | D        | Killed Ijyb
    24 | D        | Reached skill level 5 in Spellcasting
    24 | D        | Reached skill level 5 in Summonings
    24 | D        | Reached XP level 2. HP: 15/15 MP: 2/10
    93 | D        | Learned a level 2 spell: Call Imp
    93 | D        | Noticed an ogre
   108 | D        | Killed an ogre
   108 | D        | Reached skill level 6 in Spellcasting
   108 | D        | Reached XP level 3. HP: 19/19 MP: 0/13
   207 | D        | Learned a level 3 spell: Call Canine Familiar
   211 | D        | Learned a level 3 spell: Summon Guardian Golem
   211 | D        | Noticed Sigmund
   256 | D        | Killed Sigmund
   256 | D        | Reached skill level 8 in Spellcasting
   256 | D        | Reached XP level 4. HP: 24/24 MP: 2/16
   266 | D        | Learned a level 4 spell: Summon Ice Beast
   271 | D        | Learned a level 4 spell: Summon Lightning Spire
   359 | D        | Found a deep blue altar of Sif Muna.
   362 | D        | Noticed a jelly
   363 | D        | Found a radiant altar of Vehumet.
   371 | D        | Splashed by a jelly's acid

Vault maps used:
D:        dungeon_sprint_1

Action                   |  1- 3 |  4- 6 || total
-------------------------+-------+-------++-------
Melee: Unarmed           |     4 |       ||     4
       Scythe            |       |     5 ||     5
 Cast: Summon Small Mamm |     9 |       ||     9
       Call Imp          |     6 |       ||     6
       Call Canine Famil |     3 |       ||     3
       Summon Guardian G |     1 |       ||     1
 Stab: Distracted        |     1 |       ||     1
